[ AOE2 MATCH · #504946912 ]
UnrankedByzantines vs Magyars
Player's team · WIN
Rival team · LOSS
[ REPLAY ANALYSIS · EXTRACTED FROM THE RECORDED GAME ]
Feudal
8:51
Castle
25:54
Imperial
40:40
| APM avg | 61.5 |
| APM peak | 105 |
| eAPM avg | 34.6 |
| Villagers / military | 141 / 78 |
Focus
⚔️ 46.9% · 🌾 53.1%
Spearman ×36 · Skirmisher ×23 · Cataphract ×10 · Monk ×7 · Battering Ram ×2
Feudal
8:51
Castle
28:39
Imperial
43:55
| APM avg | 49.0 |
| APM peak | 75 |
| eAPM avg | 23.2 |
| Villagers / military | 117 / 65 |
Focus
⚔️ 37.2% · 🌾 62.8%
Cavalry Archer ×27 · Scout Cavalry ×24 · Knight ×6 · Skirmisher ×5 · Magyar Huszar ×2 · Battering Ram ×1
Match map
Initial resources + every placement click. Lines = walls · curves = elevation contours. ◆ gold · ⬟ stone · ● berries · ✦ relic · ◌ wall gap
Your base· Open — opponent sealed themselves in
LilyBear's base· ✓ Closed at 28:39 · 46t walls · 1 gate(s)
Smoothed initial terrain · ◌ = detected wall gap · hover for details
Inputs per minute
— FYI Inc - - LilyBear
Build order — FYI Inc
First 150 of 397 actions detected
| 0:01 | Queue | Villager (Male) |
| 0:01 | Queue | Villager (Male) |
| 0:02 | Queue | Villager (Male) |
| 0:02 | Build | House |
| 0:03 | Build | House |
| 0:10 | Queue | Villager (Male) |
| 1:27 | Queue | Villager (Male) |
| 1:56 | Queue | Villager (Male) |
| 2:12 | Build | Lumber Camp |
| 2:19 | Queue | Villager (Male) |
| 2:44 | Queue | Villager (Male) |
| 3:05 | Build | House |
| 3:11 | Queue | Villager (Male) |
| 3:12 | Queue | Villager (Male) |
| 3:29 | Queue | Villager (Male) |
| 3:31 | Queue | Villager (Male) |
| 3:55 | Queue | Villager (Male) |
| 4:22 | Build | Mill |
| 4:46 | Queue | Villager (Male) |
| 5:18 | Queue | Villager (Male) |
| 5:44 | Research | Loom |
| 5:46 | Queue | Villager (Male) |
| 6:07 | Research | Loom |
| 6:37 | Research | Feudal Age |
| 8:23 | Build | Barracks |
| 8:51 | Age | Feudal Age |
| 8:53 | Build | Archery Range |
| 8:53 | Queue | Spearman |
| 8:56 | Research | Double-Bit Axe |
| 8:57 | Queue | Villager (Male) |
| 9:03 | Build | House |
| 9:33 | Build | Watch Tower |
| 9:37 | Queue | Skirmisher |
| 9:38 | Queue | Villager (Male) |
| 9:57 | Build | House |
| 9:58 | Queue | Skirmisher |
| 10:03 | Queue | Villager (Male) |
| 10:16 | Queue | Villager (Male) |
| 10:20 | Build | House |
| 10:34 | Queue | Skirmisher |
| 10:44 | Queue | Villager (Male) |
| 11:02 | Build | Mining Camp |
| 11:04 | Queue | Villager (Male) |
| 11:09 | Queue | Skirmisher |
| 11:20 | Queue | Villager (Male) |
| 11:35 | Build | House |
| 11:39 | Queue | Villager (Male) |
| 11:41 | Build | Mill |
| 11:50 | Queue | Skirmisher |
| 11:50 | Queue | Skirmisher |
| 11:52 | Queue | Villager (Male) |
| 12:19 | Queue | Skirmisher |
| 12:37 | Build | Farm |
| 12:38 | Build | Farm |
| 12:39 | Build | House |
| 12:43 | Queue | Skirmisher |
| 13:05 | Queue | Skirmisher |
| 13:05 | Queue | Skirmisher |
| 13:18 | Build | Farm |
| 13:18 | Queue | Villager (Male) |
| 13:27 | Build | Watch Tower |
| 13:33 | Queue | Villager (Male) |
| 13:48 | Build | Farm |
| 13:50 | Build | Farm |
| 13:54 | Queue | Villager (Male) |
| 14:00 | Build | House |
| 14:06 | Queue | Skirmisher |
| 14:16 | Queue | Skirmisher |
| 14:18 | Queue | Villager (Male) |
| 14:31 | Build | Farm |
| 15:03 | Queue | Skirmisher |
| 15:04 | Queue | Villager (Male) |
| 15:07 | Build | House |
| 15:21 | Queue | Skirmisher |
| 15:25 | Build | Farm |
| 15:26 | Queue | Villager (Male) |
| 15:42 | Build | Blacksmith |
| 15:46 | Queue | Villager (Male) |
| 16:12 | Queue | Skirmisher |
| 16:17 | Build | House |
| 16:28 | Queue | Villager (Male) |
| 16:29 | Research | Fletching |
| 16:30 | Research | Fletching |
| 16:31 | Queue | Villager (Male) |
| 16:36 | Build | Farm |
| 16:38 | Build | Farm |
| 16:39 | Queue | Skirmisher |
| 16:39 | Queue | Skirmisher |
| 16:39 | Queue | Skirmisher |
| 17:00 | Research | Padded Archer Armor |
| 17:02 | Build | House |
| 17:03 | Queue | Villager (Male) |
| 17:05 | Queue | Skirmisher |
| 17:23 | Build | Farm |
| 18:03 | Queue | Villager (Male) |
| 18:04 | Queue | Skirmisher |
| 18:07 | Build | Farm |
| 18:08 | Build | Farm |
| 18:09 | Queue | Villager (Male) |
| 18:14 | Queue | Skirmisher |
| 18:26 | Research | Wheelbarrow |
| 18:28 | Build | Lumber Camp |
| 18:59 | Queue | Skirmisher |
| 19:09 | Queue | Villager (Male) |
| 19:22 | Queue | Skirmisher |
| 19:23 | Queue | Villager (Male) |
| 19:26 | Build | Farm |
| 19:26 | Build | Farm |
| 19:28 | Build | House |
| 19:28 | Build | House |
| 19:29 | Queue | Spearman |
| 19:29 | Queue | Spearman |
| 19:41 | Build | Lumber Camp |
| 19:44 | Build | House |
| 19:46 | Build | House |
| 19:51 | Build | Farm |
| 20:08 | Queue | Villager (Male) |
| 20:27 | Build | Mining Camp |
| 20:28 | Queue | Villager (Male) |
| 20:37 | Build | Farm |
| 20:54 | Queue | Villager (Male) |
| 20:58 | Build | House |
| 20:58 | Build | House |
| 21:00 | Build | House |
| 21:01 | Build | House |
| 21:11 | Build | Watch Tower |
| 21:16 | Queue | Villager (Male) |
| 21:39 | Queue | Villager (Male) |
| 21:46 | Queue | Spearman |
| 21:46 | Queue | Spearman |
| 22:02 | Queue | Spearman |
| 22:23 | Queue | Villager (Male) |
| 22:43 | Queue | Spearman |
| 22:49 | Queue | Villager (Male) |
| 23:04 | Research | Castle Age |
| 23:05 | Build | Farm |
| 23:15 | Queue | Spearman |
| 23:39 | Queue | Spearman |
| 24:20 | Queue | Spearman |
| 24:58 | Research | Horse Collar |
| 24:59 | Research | Gold Mining |
| 25:21 | Build | Lumber Camp |
| 25:40 | Build | Farm |
| 25:49 | Queue | Spearman |
| 25:49 | Queue | Spearman |
| 25:54 | Age | Castle Age |
| 25:55 | Build | Monastery |
| 25:59 | Build | Monastery |
| 26:01 | Research | Bow Saw |
| 26:03 | Research | Gold Shaft Mining |
Build order — LilyBear
First 150 of 320 actions detected
| 0:00 | Queue | Villager (Male) |
| 0:01 | Build | House |
| 0:02 | Build | House |
| 0:10 | Queue | Villager (Male) |
| 0:16 | Queue | Villager (Male) |
| 0:18 | Queue | Villager (Male) |
| 1:27 | Queue | Villager (Male) |
| 2:06 | Queue | Villager (Male) |
| 2:06 | Queue | Villager (Male) |
| 2:20 | Queue | Villager (Male) |
| 2:33 | Build | Mill |
| 2:50 | Queue | Villager (Male) |
| 2:51 | Queue | Villager (Male) |
| 3:11 | Queue | Villager (Male) |
| 3:27 | Queue | Villager (Male) |
| 3:40 | Build | House |
| 4:03 | Queue | Villager (Male) |
| 4:20 | Queue | Villager (Male) |
| 4:37 | Queue | Villager (Male) |
| 5:02 | Build | Lumber Camp |
| 5:11 | Queue | Villager (Male) |
| 5:41 | Queue | Villager (Male) |
| 5:57 | Research | Loom |
| 6:34 | Research | Feudal Age |
| 7:27 | Build | House |
| 7:41 | Build | Barracks |
| 8:11 | Build | Palisade Wall |
| 8:43 | Queue | Villager (Male) |
| 8:49 | Build | Palisade Wall |
| 8:51 | Age | Feudal Age |
| 8:58 | Build | Archery Range |
| 9:05 | Build | Palisade Wall |
| 9:10 | Queue | Villager (Male) |
| 9:16 | Build | Palisade Wall |
| 9:19 | Research | Double-Bit Axe |
| 9:34 | Build | Palisade Wall |
| 9:40 | Build | Palisade Wall |
| 9:42 | Build | Palisade Wall |
| 9:44 | Build | Palisade Gate |
| 9:48 | Queue | Villager (Male) |
| 9:53 | Build | Palisade Wall |
| 9:55 | Queue | Skirmisher |
| 10:06 | Build | House |
| 10:09 | Queue | Villager (Male) |
| 10:27 | Build | House |
| 10:29 | Build | House |
| 10:37 | Queue | Villager (Male) |
| 10:42 | Queue | Skirmisher |
| 10:53 | Build | Palisade Wall |
| 10:54 | Build | Palisade Wall |
| 10:57 | Queue | Villager (Male) |
| 11:23 | Build | House |
| 11:25 | Queue | Skirmisher |
| 11:25 | Queue | Villager (Male) |
| 11:31 | Build | Lumber Camp |
| 11:45 | Build | Mill |
| 11:48 | Queue | Villager (Male) |
| 12:09 | Queue | Skirmisher |
| 12:19 | Queue | Villager (Male) |
| 12:53 | Build | Farm |
| 12:53 | Build | Farm |
| 12:54 | Build | Farm |
| 12:54 | Build | Farm |
| 12:56 | Build | Farm |
| 12:57 | Queue | Villager (Male) |
| 13:11 | Build | Palisade Wall |
| 13:19 | Build | Farm |
| 13:31 | Queue | Villager (Male) |
| 13:35 | Build | Farm |
| 13:50 | Build | Farm |
| 13:51 | Build | Farm |
| 13:56 | Queue | Villager (Male) |
| 14:11 | Build | Farm |
| 14:17 | Queue | Villager (Male) |
| 14:33 | Build | Watch Tower |
| 14:35 | Queue | Villager (Male) |
| 14:37 | Build | House |
| 14:41 | Queue | Skirmisher |
| 14:53 | Queue | Villager (Male) |
| 15:10 | Build | Farm |
| 15:12 | Queue | Villager (Male) |
| 15:22 | Build | Farm |
| 15:44 | Queue | Villager (Male) |
| 15:54 | Build | Stable |
| 16:02 | Queue | Villager (Male) |
| 16:34 | Build | Farm |
| 16:40 | Queue | Scout Cavalry |
| 16:40 | Queue | Scout Cavalry |
| 16:42 | Research | Horse Collar |
| 16:47 | Queue | Villager (Male) |
| 16:59 | Build | Farm |
| 17:00 | Build | Farm |
| 17:09 | Queue | Villager (Male) |
| 17:15 | Build | House |
| 17:22 | Queue | Villager (Male) |
| 17:34 | Queue | Villager (Male) |
| 17:43 | Queue | Scout Cavalry |
| 17:49 | Build | Farm |
| 17:51 | Build | Farm |
| 17:52 | Queue | Villager (Male) |
| 18:07 | Queue | Scout Cavalry |
| 18:15 | Build | Blacksmith |
| 18:40 | Queue | Villager (Male) |
| 18:52 | Queue | Villager (Male) |
| 18:58 | Queue | Villager (Male) |
| 19:07 | Build | Mining Camp |
| 19:23 | Build | Mining Camp |
| 19:26 | Queue | Scout Cavalry |
| 19:29 | Research | Scale Barding Armor |
| 19:32 | Build | Mill |
| 19:32 | Build | Farm |
| 19:32 | Build | Farm |
| 19:33 | Build | Farm |
| 19:33 | Build | Farm |
| 19:35 | Build | House |
| 19:36 | Build | House |
| 19:54 | Build | Palisade Wall |
| 19:57 | Queue | Villager (Male) |
| 20:07 | Queue | Scout Cavalry |
| 20:08 | Queue | Villager (Male) |
| 20:22 | Build | House |
| 20:26 | Queue | Villager (Male) |
| 20:32 | Build | House |
| 20:44 | Build | Farm |
| 20:53 | Queue | Scout Cavalry |
| 20:54 | Queue | Villager (Male) |
| 21:15 | Queue | Villager (Male) |
| 21:18 | Build | Market |
| 21:20 | Queue | Villager (Male) |
| 21:32 | Queue | Scout Cavalry |
| 21:43 | Queue | Villager (Male) |
| 22:09 | Queue | Villager (Male) |
| 22:23 | Queue | Scout Cavalry |
| 22:48 | Queue | Villager (Male) |
| 23:02 | Queue | Scout Cavalry |
| 23:02 | Queue | Scout Cavalry |
| 23:03 | Queue | Villager (Male) |
| 23:16 | Queue | Villager (Male) |
| 23:38 | Build | Stable |
| 23:39 | Queue | Villager (Male) |
| 23:56 | Queue | Scout Cavalry |
| 24:10 | Queue | Villager (Male) |
| 24:28 | Queue | Villager (Male) |
| 24:36 | Queue | Scout Cavalry |
| 24:36 | Queue | Scout Cavalry |
| 24:37 | Research | Bloodlines |
| 24:38 | Queue | Villager (Male) |
| 24:40 | Queue | Villager (Male) |
| 24:45 | Build | Palisade Wall |
| 24:46 | Queue | Villager (Male) |
Match timeline
| 7:41 | LilyBear · first_building Barracks |
| 8:11 | LilyBear · wall_segment Palisade Wall x3 |
| 8:23 | FYI Inc · first_building Barracks |
| 8:49 | LilyBear · wall_segment Palisade Wall x3 |
| 8:51 | LilyBear · age_up feudal |
| 8:51 | FYI Inc · age_up feudal |
| 8:53 | FYI Inc · first_building Archery Range |
| 8:58 | LilyBear · first_building Archery Range |
| 9:05 | LilyBear · wall_segment Palisade Wall x7 |
| 9:16 | LilyBear · wall_segment Palisade Wall x3 |
| 9:34 | LilyBear · wall_segment Palisade Wall x1 |
| 9:40 | LilyBear · wall_segment Palisade Wall x1 |
| 9:42 | LilyBear · wall_segment Palisade Wall x1 |
| 9:53 | LilyBear · wall_segment Palisade Wall x4 |
| 10:53 | LilyBear · wall_segment Palisade Wall x8 |
| 10:54 | LilyBear · wall_segment Palisade Wall x3 |
| 13:11 | LilyBear · wall_segment Palisade Wall x1 |
| 15:54 | LilyBear · first_building Stable |
| 19:54 | LilyBear · wall_segment Palisade Wall x11 |
| 23:00 | LilyBear · first_market_buy 100 food |
| 24:45 | LilyBear · wall_segment Palisade Wall x4 |
| 25:54 | FYI Inc · age_up castle |
| 25:55 | LilyBear · first_market_sell 100 wood |
| 25:55 | FYI Inc · first_building Monastery |
| 26:08 | FYI Inc · wall_segment Palisade Wall x4 |
| 26:12 | FYI Inc · wall_segment Palisade Wall x10 |
| 26:49 | FYI Inc · first_building Siege Workshop |
| 28:39 | LilyBear · age_up castle |
| 28:45 | LilyBear · first_building Castle |
| 32:34 | FYI Inc · wall_segment Palisade Wall x1 |
| 33:32 | LilyBear · first_building Siege Workshop |
| 34:24 | FYI Inc · first_market_buy 100 food |
| 37:46 | FYI Inc · first_building Castle |
| 38:49 | FYI Inc · wall_segment Palisade Wall x1 |
| 39:25 | FYI Inc · first_building Stable |
| 40:40 | FYI Inc · age_up imperial |
| 43:33 | FYI Inc · first_market_sell 100 stone |
| 43:55 | LilyBear · age_up imperial |
| 44:01 | LilyBear · resign |
[ AI ANALYSIS · 1 CREDIT ]
What really happened in this match?
Wolo.gg analyzes every decision: build order, eco, micro, common mistakes by bracket. Personalized analysis on WhatsApp or Discord in 30 seconds.
Civ guide
Byzantines
Perfil
Inc